SA
GRIM REAPERS @ TENNESSEE SMOKIES
06/16/2042
 
TOP OF THE 1ST
Grim Reapers batting - Pitching for Tennessee Smokies : RHP Jason Lawrence
Pitching: RHP Jason Lawrence
Batting: RHB Bao-tian Tong 0-0: Bunt for hit to 2L - play at first, batter safe!
Batting: RHB Yataro Nagai 0-0: Ball
1-0: Swinging Strike
1-1: Ball
2-1: Ball
3-1: Fielders Choice at 2nd, 4-6 (Groundball, 34, EV 79.4 MPH)
Batting: LHB Pielgrzym Myslajek 0-0: Ball
1-0: Ball
2-0: Fly out, F5 (Line Drive, 5, EV 60.6 MPH)
Batting: RHB Getoff Mylawn 0-0: Called Strike
0-1: Ball
1-1: Fly out, F8 (Flyball, 78D, EV 94.4 MPH)
Top of the 1st over - 0 runs, 1 hit, 0 errors, 1 left on base; Grim 0 - Tennessee 0
BOTTOM OF THE 1ST
Tennessee Smokies batting - Pitching for Grim Reapers : LHP Iban Wilson
Pitching: LHP Iban Wilson
Batting: LHB Royce Rolls 0-0: Ball
1-0: Swinging Strike
1-1: Ground out 6-3 (Groundball, 6, EV 101.2 MPH)
Batting: SHB Rafael Villa 0-0: SINGLE (Groundball, 6MD, EV 111.9 MPH)
Batting: RHB Benigno Bachelay 0-0: SINGLE (Groundball, 34D, EV 94.4 MPH)
Rafael Villa to second
Runner from 2nd tries for 3rd, SAFE, no throw by RF
Batting: RHB Darrell MacGregor 0-0: Called Strike
0-1: SINGLE (Groundball, 6MD, EV 101.9 MPH)
Rafael Villa scores
Benigno Bachelay to second
Batting: LHB Vance Lee 0-0: Fielders Choice at 2nd, 1-6 (Groundball, 34S, EV 93.1 MPH)
Benigno Bachelay to third
Batting: RHB Dae-jin Dokgo 0-0: Foul Ball, location: 2F
0-1: Ball
1-1: Ground out 5-3 (Groundball, 56, EV 83.1 MPH)
Bottom of the 1st over - 1 run, 3 hits, 0 errors, 2 left on base; Grim 0 - Tennessee 1
TOP OF THE 2ND
Grim Reapers batting - Pitching for Tennessee Smokies : RHP Jason Lawrence
Batting: LHB Bill Stickells 0-0: Ball
1-0: Ball
2-0: Ball
3-0: Foul Ball, location: 2F
3-1: Fly out, F6 (Line Drive, 6, EV 70.0 MPH)
Batting: RHB Ron Burnett 0-0: Called Strike
0-1: Foul Ball, location: 2F
0-2: Foul Ball, location: 2F
0-2: Foul Ball, location: 2F
0-2: Strikes out swinging
Batting: LHB John Manley 0-0: Ball
1-0: Foul Ball, location: 2F
1-1: Foul Ball, location: 2F
1-2: Fly out, F7 (Flyball, 7LS, EV 78.1 MPH)
Top of the 2nd over - 0 runs, 0 hits, 0 errors, 0 left on base; Grim 0 - Tennessee 1
BOTTOM OF THE 2ND
Tennessee Smokies batting - Pitching for Grim Reapers : LHP Iban Wilson
Batting: RHB Yoshitora Nakayama 0-0: Ball
1-0: Ball
2-0: Called Strike
2-1: Swinging Strike
2-2: Strikes out swinging, 2-3 out at first.
Batting: LHB Jason Durkin 0-0: Fly out, F3 (Popup, 23F, EV 78.1 MPH)
Batting: RHB Dave Dickey 0-0: Swinging Strike
0-1: Called Strike
0-2: Foul Ball, location: 2F
0-2: Strikes out looking
Bottom of the 2nd over - 0 runs, 0 hits, 0 errors, 0 left on base; Grim 0 - Tennessee 1
TOP OF THE 3RD
Grim Reapers batting - Pitching for Tennessee Smokies : RHP Jason Lawrence
Batting: RHB Joe Holmes 0-0: Called Strike
0-1: Ground out 3-1 (Groundball, 34, EV 90.0 MPH)
Batting: SHB Danny Warner 0-0: Ball
1-0: Swinging Strike
1-1: Fly out, F7 (Flyball, 78M, EV 75.6 MPH)
Batting: RHB Bao-tian Tong 0-0: Called Strike
0-1: Ball
1-1: Reached on error, E4 (Groundball, 34, EV 103.1 MPH)
Batting: RHB Yataro Nagai 0-0: Called Strike
0-1: Ball
1-1: Swinging Strike
1-2: Fly out, F9 (Flyball, 9, EV 88.8 MPH)
Top of the 3rd over - 0 runs, 0 hits, 1 error, 1 left on base; Grim 0 - Tennessee 1
BOTTOM OF THE 3RD
Tennessee Smokies batting - Pitching for Grim Reapers : LHP Iban Wilson
Batting: LHB Royce Rolls 0-0: Ball
1-0: Ground out U3 (Groundball, 3, EV 86.9 MPH)
Batting: SHB Rafael Villa 0-0: Foul Ball, location: 2F
0-1: Ball
1-1: Ball
2-1: Ball
3-1: Foul Ball, location: 2F
3-2: DOUBLE (Line Drive, 7LM, EV 90.6 MPH)
Batting: RHB Benigno Bachelay 0-0: Ball
1-0: Ball
Wild Pitch!
Rafael Villa to third
2-0: Foul Ball, location: 2F
2-1: Swinging Strike
2-2: Strikes out swinging
Batting: RHB Darrell MacGregor 0-0: Ball
1-0: Called Strike
1-1: DOUBLE (Line Drive, 7LS, EV 95.6 MPH)
Rafael Villa scores
Batting: LHB Vance Lee 0-0: Called Strike
0-1: Ball
1-1: Ball
2-1: Called Strike
2-2: Ball
3-2: Foul Ball, location: 2F
3-2: Fly out, F7 (Flyball, 7D, EV 89.4 MPH)
Bottom of the 3rd over - 1 run, 2 hits, 0 errors, 1 left on base; Grim 0 - Tennessee 2
TOP OF THE 4TH
Grim Reapers batting - Pitching for Tennessee Smokies : RHP Jason Lawrence
Batting: LHB Pielgrzym Myslajek 0-0: Ball
1-0: Ball
2-0: DOUBLE (Flyball, 8RXD, EV 95.6 MPH)
Batting: RHB Getoff Mylawn 0-0: Ground out 1-3 (Groundball, 15, EV 90.6 MPH)
Batting: LHB Bill Stickells 0-0: Called Strike
0-1: Swinging Strike
0-2: Fly out, F9 (Flyball, 89D, EV 97.5 MPH)
Batting: RHB Ron Burnett 0-0: Fly out, F2 (Popup, 2R, EV 92.5 MPH)
Top of the 4th over - 0 runs, 1 hit, 0 errors, 1 left on base; Grim 0 - Tennessee 2
BOTTOM OF THE 4TH
Tennessee Smokies batting - Pitching for Grim Reapers : LHP Iban Wilson
Batting: RHB Dae-jin Dokgo 0-0: Called Strike
0-1: Ball
1-1: Foul Ball, location: 2F
1-2: Foul Ball, location: 2F
1-2: Strikes out swinging
Batting: RHB Yoshitora Nakayama 0-0: Ground out 6-3 (Groundball, 6, EV 81.2 MPH)
Batting: LHB Jason Durkin 0-0: Called Strike
0-1: Fly out, F8 (Flyball, 8RD, EV 88.8 MPH)
Bottom of the 4th over - 0 runs, 0 hits, 0 errors, 0 left on base; Grim 0 - Tennessee 2
TOP OF THE 5TH
Grim Reapers batting - Pitching for Tennessee Smokies : RHP Jason Lawrence
Batting: LHB John Manley 0-0: Called Strike
0-1: Foul Ball, location: 2F
0-2: Ball
1-2: Foul Ball, location: 2F
1-2: Ball
2-2: Strikes out swinging
Batting: RHB Joe Holmes 0-0: Called Strike
0-1: Called Strike
0-2: Foul Ball, location: 2F
0-2: Ground out 6-3 (Groundball, 6, EV 91.2 MPH)
Batting: SHB Danny Warner 0-0: Ball
1-0: Called Strike
1-1: Ball
2-1: Ball
3-1: Foul Ball, location: 2F
3-2: Base on Balls
Batting: RHB Bao-tian Tong 0-0: Called Strike
0-1: Ball
1-1: SINGLE (Groundball, 6MD, EV 99.4 MPH)
Danny Warner to second
Batting: RHB Yataro Nagai 0-0: Foul Ball, location: 2F
0-1: Ball
1-1: Fly out, F6 (Popup, P, EV 83.1 MPH)
Top of the 5th over - 0 runs, 1 hit, 0 errors, 2 left on base; Grim 0 - Tennessee 2
BOTTOM OF THE 5TH
Tennessee Smokies batting - Pitching for Grim Reapers : LHP Iban Wilson
Batting: RHB Dave Dickey 0-0: Ball
1-0: Called Strike
1-1: Ball
2-1: Ball
3-1: Ground out 5-3 (Groundball, 5, EV 103.1 MPH)
Batting: LHB Royce Rolls 0-0: Called Strike
0-1: Foul Ball, location: 2F
0-2: Ball
1-2: Ground out U3 (Groundball, 3, EV 106.2 MPH)
Batting: SHB Rafael Villa 0-0: Ball
1-0: Ball
2-0: Ball
3-0: Base on Balls
Batting: RHB Benigno Bachelay 0-0: Hit by Pitch
Rafael Villa to second
Batting: RHB Darrell MacGregor 0-0: Ball
1-0: Foul Ball, location: 2F
1-1: Ball
2-1: Ground out 4-3 (Groundball, 4, EV 87.5 MPH)
Bottom of the 5th over - 0 runs, 0 hits, 0 errors, 2 left on base; Grim 0 - Tennessee 2
TOP OF THE 6TH
Grim Reapers batting - Pitching for Tennessee Smokies : RHP Jason Lawrence
Batting: LHB Pielgrzym Myslajek 0-0: Ball
1-0: Ball
2-0: Swinging Strike
2-1: Swinging Strike
2-2: Strikes out swinging
Batting: RHB Getoff Mylawn 0-0: Swinging Strike
0-1: Foul Ball, location: 2F
0-2: Ball
1-2: Fly out, F9 (Line Drive, 9, EV 103.8 MPH)
Batting: LHB Bill Stickells 0-0: Called Strike
0-1: SINGLE (Groundball, 4M, EV 83.8 MPH) (infield hit)
Batting: RHB Ron Burnett Pickoff Throw to First - Error! E1
Bill Stickells to second
0-0: Ball
1-0: Ball
2-0: Swinging Strike
2-1: DOUBLE (Flyball, 78D, EV 102.5 MPH)
Bill Stickells scores
Batting: LHB John Manley 0-0: Ball
1-0: Called Strike
1-1: Called Strike
1-2: SINGLE (Groundball, 34D, EV 97.5 MPH)
Ron Burnett to third
Runner from 3rd tries for Home, SAFE, no throw by RF
Batting: RHB Joe Holmes 0-0: Ball
1-0: Called Strike
1-1: Fly out, F9 (Flyball, 9LD, EV 97.5 MPH)
Top of the 6th over - 2 runs, 3 hits, 1 error, 1 left on base; Grim 2 - Tennessee 2
BOTTOM OF THE 6TH
Tennessee Smokies batting - Pitching for Grim Reapers : LHP Iban Wilson
Batting: LHB Vance Lee 0-0: Foul Ball, location: 2F
0-1: SINGLE (Line Drive, 78S, EV 87.5 MPH)
Batting: RHB Dae-jin Dokgo 0-0: Bunt missed!
0-1: Reached on error, E1 (Groundball, 13, EV 43.8 MPH)
Vance Lee to third
Batting: RHB Yoshitora Nakayama 0-0: Ball
1-0: Called Strike
1-1: DOUBLE (Line Drive, 89D, EV 107.5 MPH)
Vance Lee scores
Dae-jin Dokgo scores
Batting: LHB Jason Durkin 0-0: Intentional Walk
Batting: RHB Dave Dickey 0-0: Ball
1-0: Ball
2-0: Ball
3-0: Called Strike
3-1: Foul Ball, location: 2F
3-2: Base on Balls
Yoshitora Nakayama to third
Jason Durkin to second
Batting: LHB Royce Rolls 0-0: Ball
1-0: Ball
2-0: Called Strike
2-1: Ball
3-1: GRAND SLAM HOME RUN (Flyball, 89XD, EV 102.5 MPH), Distance : 442 ft
Pitching: RHP Yoichi Amano
Batting: SHB Rafael Villa 0-0: Foul Ball, location: 2F
0-1: Ground out U3 (Groundball, 3L, EV 105.0 MPH)
Batting: RHB Benigno Bachelay 0-0: Ground out 3-1 (Groundball, 34, EV 88.8 MPH)
Batting: RHB Darrell MacGregor 0-0: Fly out, F9 (Flyball, 9D, EV 100.6 MPH)
Bottom of the 6th over - 6 runs, 3 hits, 1 error, 0 left on base; Grim 2 - Tennessee 8
TOP OF THE 7TH
Grim Reapers batting - Pitching for Tennessee Smokies : RHP Jason Lawrence
Batting: SHB Danny Warner 0-0: Called Strike
0-1: Ball
1-1: Ball
2-1: Ball
3-1: Called Strike
3-2: Ground out U3 (Groundball, 3, EV 85.0 MPH)
Pitching: LHP Hugh Hudson
Batting: RHB Bao-tian Tong 0-0: Called Strike
0-1: Called Strike
0-2: Fly out, F8 (Flyball, 8RD, EV 90.6 MPH)
Batting: RHB Yataro Nagai 0-0: Foul Ball, location: 2F
0-1: Ball
1-1: Ball
2-1: Ball
3-1: Base on Balls
Batting: LHB Pielgrzym Myslajek 0-0: Foul Ball, location: 2F
0-1: DOUBLE (Flyball, 89D, EV 101.2 MPH)
Yataro Nagai to third
Batting: RHB Getoff Mylawn 0-0: Foul Ball, location: 2F
0-1: Ball
1-1: Ball
2-1: Ground out 6-3 (Groundball, 6D, EV 103.1 MPH)
Top of the 7th over - 0 runs, 1 hit, 0 errors, 2 left on base; Grim 2 - Tennessee 8
BOTTOM OF THE 7TH
Tennessee Smokies batting - Pitching for Grim Reapers : RHP Yoichi Amano
Batting: LHB Vance Lee 0-0: Ball
1-0: Ball
2-0: Foul Ball, location: 2F
2-1: Ball
3-1: Base on Balls
Batting: RHB Dae-jin Dokgo 0-0: Ball
1-0: Grounds into double play, 4-6-3 (Groundball, 4, EV 86.9 MPH)
Batting: RHB Yoshitora Nakayama 0-0: Swinging Strike
0-1: Called Strike
0-2: Ball
1-2: Ball
2-2: Foul Ball, location: 2F
2-2: Ball
3-2: Foul Ball, location: 2F
3-2: Base on Balls
Batting: LHB Jason Durkin 0-0: Ball
1-0: Ball
2-0: Ball
3-0: Base on Balls
Yoshitora Nakayama to second
Batting: RHB Dave Dickey 0-0: Ball
1-0: Ground out 1-3 (Groundball, P, EV 66.9 MPH)
Bottom of the 7th over - 0 runs, 0 hits, 0 errors, 2 left on base; Grim 2 - Tennessee 8
TOP OF THE 8TH
Grim Reapers batting - Pitching for Tennessee Smokies : LHP Hugh Hudson
Batting: LHB Bill Stickells 0-0: Ball
1-0: Ball
2-0: Fly out, F8 (Flyball, 8LM, EV 88.1 MPH)
Pitching: RHP Arturo Sánchez
Batting: RHB Ron Burnett 0-0: Ball
1-0: SINGLE (Flyball, 3D, EV 93.8 MPH)
Batting: LHB John Manley 0-0: Foul Ball, location: 2F
0-1: Ball
1-1: Fly out, F9 (Flyball, 9LM, EV 75.0 MPH)
Batting: RHB Joe Holmes 0-0: Called Strike
0-1: SINGLE (Popup, 6MD, EV 72.5 MPH)
Ron Burnett to second
Runner from 2nd tries for 3rd, OUT! 6-5
Top of the 8th over - 0 runs, 2 hits, 0 errors, 1 left on base; Grim 2 - Tennessee 8
BOTTOM OF THE 8TH
Tennessee Smokies batting - Pitching for Grim Reapers : RHP Yoichi Amano
Batting: LHB Royce Rolls 0-0: Ball
1-0: Called Strike
1-1: Ball
2-1: Swinging Strike
2-2: DOUBLE (Flyball, 8RXD, EV 106.9 MPH)
Pitching: RHP Leo Cassidy
Batting: SHB Rafael Villa 0-0: SINGLE (Groundball, 3D, EV 104.4 MPH)
Royce Rolls to third
Batting: RHB Benigno Bachelay 0-0: Called Strike
0-1: Swinging Strike
0-2: Ball
1-2: Strikes out swinging
Batting: RHB Darrell MacGregor 0-0: Ball
1-0: DOUBLE (Line Drive, 78D, EV 106.2 MPH)
Royce Rolls scores
Rafael Villa to third
Batting: LHB Vance Lee 0-0: Ball
1-0: Ball
2-0: Called Strike
2-1: Called Strike
2-2: Foul Ball, location: 2F
2-2: Ball
3-2: Foul Ball, location: 2F
3-2: Base on Balls
Batting: RHB Dae-jin Dokgo 0-0: Ball
1-0: Foul Ball, location: 2F
1-1: Ball
2-1: Swinging Strike
2-2: Strikes out swinging
Pinch Hitting: RHB Jack Davis 0-0: Called Strike
0-1: Called Strike
0-2: Strikes out swinging
Bottom of the 8th over - 1 run, 3 hits, 0 errors, 3 left on base; Grim 2 - Tennessee 9
TOP OF THE 9TH
Grim Reapers batting - Pitching for Tennessee Smokies : RHP Arturo Sánchez
Now at 3B: Stanislov Navashin
Batting: SHB Danny Warner 0-0: Ball
1-0: Ball
2-0: Called Strike
2-1: Ground out 6-3 (Groundball, 6, EV 85.6 MPH)
Batting: RHB Bao-tian Tong 0-0: Ball
1-0: Called Strike
1-1: Fly out, F9 (Flyball, 9LM, EV 93.8 MPH)
Batting: RHB Yataro Nagai 0-0: Foul Ball, location: 2F
0-1: Swinging Strike
0-2: Strikes out swinging
Top of the 9th over - 0 runs, 0 hits, 0 errors, 0 left on base; Grim 2 - Tennessee 9
Friday, March 26th, 2021 - OOTP Baseball 20.8 Build 74